Chicago Black Hawks vs Edmonton Oilers
(R1)
Created - Monday, October 13, 2025 at 09:55
Goals
|
| Chicago Black Hawks |
1 |
2 |
1 |
4 |
| Edmonton Oilers |
0 |
0 |
1 |
1 |
|
Shots
|
| Chicago Black Hawks |
5 |
16 |
14 |
35 |
| Edmonton Oilers |
10 |
14 |
10 |
34 |
|
1st period
1. Chicago Black Hawks , Lucas Raymond 22 (Trevor Zegras 37, Zachary Werenski 30) at 17:48
Penalties :
Brett Howden (CHI) for Roughing (Minor) at 5:33, Barrett Hayton (CHI) for Holding (Minor) at 12:03
2nd period
2. Chicago Black Hawks , Leo Carlsson 29 (Matthew Beniers 21) at 16:28 (PP)
3. Chicago Black Hawks , Bobby Brink 10 (Shane Wright 5) at 16:58
Penalties :
Eeli Tolvanen (CHI) for Slashing (Minor) at 7:50, Brett Pesce (EDM) for Holding (Minor) at 15:58
3rd period
4. Edmonton Oilers , Corey Perry 8 (Drake Caggiula 9, Tanner Jeannot 5) at 4:33
5. Chicago Black Hawks , Leo Carlsson 30 (Oliver Bjorkstrand 13) at 11:04 (PP)
Penalties :
Jacob Trouba (EDM) for Roughing (Minor) at 0:38, Scott Mayfield (EDM) for Hooking (Minor) at 10:49, Brock Boeser (EDM) for Holding (Minor) at 15:39, Jake DeBrusk (EDM) for Boarding (Minor) at 19:29
Goalie Stats
Adin Hill (CHI), 33 saves from 34 shots - (0.971), W, 12-4-3, 60:00 minutes
Karel Vejmelka (EDM), 31 saves from 35 shots - (0.886), L, 3-6-1, 60:00 minutes
Players Stats for Chicago Black Hawks
Player Name G A P +/- PIM S H SB GA TA FO MP PP MP PK MP
------------------------------------------------------------------------------------
Barrett Hayton 0 0 0 1 2 3 2 1 1 0 13/19 18:41 2:31 1:57
Bobby Brink 1 0 1 0 0 1 3 0 0 0 0/2 12:06 0:00 0:00
Brent Burns 0 0 0 -1 0 0 0 4 0 0 0/0 21:56 2:25 2:38
Brett Howden 0 0 0 0 2 1 1 0 0 0 1/1 9:43 0:00 0:48
Christopher Tanev 0 0 0 -1 0 0 1 1 0 1 0/0 21:56 2:25 2:38
Eeli Tolvanen 0 0 0 0 2 1 3 2 0 0 0/1 14:00 0:00 0:00
Jonas Brodin 0 0 0 1 0 0 1 0 0 0 0/0 18:13 0:22 0:00
Justin Faulk 0 0 0 1 0 4 1 0 0 0 0/0 19:51 2:26 3:19
Leo Carlsson 2 0 2 0 0 6 2 1 0 0 14/20 20:00 2:42 2:54
Lucas Raymond 1 0 1 1 0 4 0 0 1 2 0/0 14:18 0:00 0:04
Matthew Beniers 0 1 1 0 0 2 2 1 1 1 5/13 17:30 2:42 2:59
Morgan Frost 0 0 0 0 0 1 0 0 2 0 2/6 10:37 2:31 0:00
Noah Dobson 0 0 0 0 0 2 0 0 0 1 0/0 13:29 0:22 0:00
Oliver Bjorkstrand 0 1 1 0 0 3 2 1 1 0 1/5 19:57 2:42 2:54
Ryan Suzuki 0 0 0 0 0 0 1 0 0 0 0/0 8:09 0:00 0:00
Shane Wright 0 1 1 0 0 0 1 0 1 1 1/1 12:33 0:00 0:00
Trevor Zegras 0 1 1 1 0 2 3 0 0 1 1/1 16:26 2:31 0:18
Zachary Werenski 0 1 1 2 0 5 1 1 1 2 0/0 24:35 2:26 3:19
Players Stats for Edmonton Oilers
Player Name G A P +/- PIM S H SB GA TA FO MP PP MP PK MP
------------------------------------------------------------------------------------
Adrian Kempe 0 0 0 -1 0 9 3 0 0 0 1/4 19:22 2:59 2:34
Brandon Carlo 0 0 0 -1 0 1 6 0 0 1 0/0 24:52 3:01 2:42
Brett Pesce 0 0 0 0 2 0 0 0 0 2 0/0 15:40 0:00 1:22
Brock Boeser 0 0 0 -1 2 6 1 0 0 0 0/0 18:53 2:59 1:31
Corey Perry 1 0 1 1 0 2 1 0 0 0 1/2 10:17 0:00 1:09
David Perron 0 0 0 -1 0 4 1 0 2 0 1/2 14:33 2:58 0:00
David Savard 0 0 0 0 0 1 1 1 0 2 0/0 20:49 2:56 2:31
Dawson Mercer 0 0 0 0 0 0 0 0 0 0 2/2 17:43 2:58 0:32
Derek Ryan 0 0 0 -1 0 0 0 0 0 0 0/0 11:40 0:00 0:00
Drake Caggiula 0 1 1 1 0 5 0 0 0 0 0/0 9:48 0:00 0:17
Dylan Holloway 0 0 0 0 0 1 0 0 1 0 5/18 13:43 0:00 0:00
Evan Bouchard 0 0 0 -1 0 1 0 1 0 1 0/0 20:08 2:56 2:31
Jacob Trouba 0 0 0 0 2 1 1 1 0 1 0/0 24:16 3:01 1:20
Jake DeBrusk 0 0 0 0 2 1 1 1 1 0 2/5 18:48 2:58 2:01
Morgan Barron 0 0 0 -1 0 1 1 0 3 0 4/8 11:40 0:00 0:00
Ryan McLeod 0 0 0 -1 0 1 1 0 1 1 11/22 19:04 2:59 2:22
Scott Mayfield 0 0 0 0 2 0 0 0 0 0 0/0 14:18 0:00 0:00
Tanner Jeannot 0 1 1 1 0 0 1 0 1 0 4/6 9:08 0:00 0:00
3 Stars
1 - Adin Hill (CHI)
2 - Leo Carlsson (CHI)
3 - Bobby Brink (CHI)
Power Play
Chicago Black Hawks - 2 on 5 Attempt(s) - 40.00%
Edmonton Oilers - 0 on 3 Attempt(s) - 0.00%
Penalty Kill
Chicago Black Hawks - 3 on 3 Attempt(s) - 100.00%
- Score 0 goal in Penalty Kill
Edmonton Oilers - 3 on 5 Attempt(s) - 60.00%
- Score 0 goal in Penalty Kill
Team Stat
Chicago Black Hawks - Hits : 24 - Faceoff Wins : 38 - Blocked Shots : 12 - Penalty Minutes : 6
Edmonton Oilers - Hits : 18 - Faceoff Wins : 31 - Blocked Shots : 4 - Penalty Minutes : 10
Official
Referees : Jon Mcisaac and Garrett Rank
Linesman : Trent Knorr and Travis Gawryletz
Game Notes
4:33 of 3rd period - Edmonton Oilers goal is going for a video replay. After video review, Goal.
Finance
Level 1 -- Attendance: 6000 (100.00%) -- Ticket Income $540,000
Level 2 -- Attendance: 4371 (87.42%) -- Ticket Income $218,550
Level 3 -- Attendance: 3000 (100.00%) -- Ticket Income $90,000
Level 4 -- Attendance: 4401 (88.02%) -- Ticket Income $88,020
Luxury Box -- Attendance: 915 (91.50%) -- Ticket Income $173,850
Game was played at the Rexall Place.
Total Attendance: 18687 (93.44%)
Total Ticket Income: $1,110,420
Other Income: $388,647
Total Income: $1,499,067
Chicago Black Hawks
5 vs 5 Forward
Center Left Wing Right Wing Time % Phy DF OF
1 Leo Carlsson Eeli Tolvanen Oliver Bjorkstrand 30 1 2 2
2 Barrett Hayton Lucas Raymond Trevor Zegras 30 1 2 2
3 Matthew Beniers Shane Wright Bobby Brink 25 1 2 2
4 Morgan Frost Brett Howden Ryan Suzuki 15 1 2 2
5 vs 5 Defense
Defense Defense Time % Phy DF OF
1 Zachary Werenski Justin Faulk 30 1 2 2
2 Brent Burns Christopher Tanev 30 1 2 2
3 Noah Dobson Jonas Brodin 25 1 2 2
4 Jonas Brodin Zachary Werenski 15 1 2 2
PowerPlay Forward
Center Left Wing Right Wing Time % Phy DF OF
1 Leo Carlsson Matthew Beniers Oliver Bjorkstrand 50 1 2 2
2 Barrett Hayton Morgan Frost Trevor Zegras 50 1 2 2
PowerPlay Defense
Defense Defense Time % Phy DF OF
1 Zachary Werenski Justin Faulk 50 1 2 2
2 Brent Burns Christopher Tanev 50 1 2 2
Penalty Kill 4 Players Forward
Center Wing Time % Phy DF OF
1 Oliver Bjorkstrand Leo Carlsson 50 1 2 2
2 Barrett Hayton Matthew Beniers 50 1 2 2
Penalty Kill 4 Players Defense
Defense Defense Time % Phy DF OF
1 Zachary Werenski Justin Faulk 50 1 2 2
2 Brent Burns Christopher Tanev 50 1 2 2
Penalty Kill - 3 Players Forward
Forward Time % Phy DF OF
1 Barrett Hayton 50 1 2 2
2 Leo Carlsson 50 1 2 2
Penalty Kill - 3 Players Defense
Defense Defense Time % Phy DF OF
1 Zachary Werenski Justin Faulk 50 1 2 2
2 Brent Burns Christopher Tanev 50 1 2 2
4 vs 4 Forward
Center Wing Time % Phy DF OF
1 Oliver Bjorkstrand Leo Carlsson 50 1 2 2
2 Barrett Hayton Matthew Beniers 50 1 2 2
4 vs 4 Defense
Defense Defense Time % Phy DF OF
1 Zachary Werenski Justin Faulk 50 1 2 2
2 Brent Burns Christopher Tanev 50 1 2 2
Last Minutes Offensive
Center Left Wing Right Wing Defense Defense
Leo Carlsson Eeli Tolvanen Oliver Bjorkstrand Zachary Werenski Justin Faulk
Last Minutes Defensive
Center Left Wing Right Wing Defense Defense
Leo Carlsson Eeli Tolvanen Oliver Bjorkstrand Zachary Werenski Justin Faulk
Goaltenders
Starting : Adin Hill
Backup : Filip Gustavsson
Extra Forwards
Normal : Shane Wright, Morgan Frost, Brett Howden - PP : Shane Wright, Morgan Frost - PK : Brett Howden
Extra Defensemen
Normal : Noah Dobson, Zachary Werenski, Jonas Brodin - PP : Noah Dobson - PK : Zachary Werenski, Jonas Brodin
Penalty Shots
Morgan Frost, Leo Carlsson, Barrett Hayton, Matthew Beniers, Oliver Bjorkstrand
Scratches
David Jiricek (Healthy), Ryan Lindgren (Healthy), Simon Nemec (Healthy), Antonio Stranges (Healthy), Noah Cates (Healthy)
Edmonton Oilers
5 vs 5 Forward
Center Left Wing Right Wing Time % Phy DF OF
1 Ryan McLeod Adrian Kempe Brock Boeser 30 1 2 2
2 Dylan Holloway Jake DeBrusk Dawson Mercer 30 1 2 2
3 Morgan Barron Derek Ryan David Perron 25 1 2 2
4 Tanner Jeannot Drake Caggiula Corey Perry 15 1 2 2
5 vs 5 Defense
Defense Defense Time % Phy DF OF
1 Jacob Trouba Brandon Carlo 30 1 2 2
2 David Savard Evan Bouchard 30 1 2 2
3 Scott Mayfield Brett Pesce 25 1 2 2
4 Jacob Trouba Brandon Carlo 15 1 2 2
PowerPlay Forward
Center Left Wing Right Wing Time % Phy DF OF
1 Ryan McLeod Adrian Kempe Brock Boeser 50 1 2 2
2 David Perron Jake DeBrusk Dawson Mercer 50 1 2 2
PowerPlay Defense
Defense Defense Time % Phy DF OF
1 Jacob Trouba Brandon Carlo 50 1 2 2
2 David Savard Evan Bouchard 50 1 2 2
Penalty Kill 4 Players Forward
Center Wing Time % Phy DF OF
1 Adrian Kempe Brock Boeser 50 1 2 2
2 Jake DeBrusk Ryan McLeod 50 1 2 2
Penalty Kill 4 Players Defense
Defense Defense Time % Phy DF OF
1 Jacob Trouba Brandon Carlo 50 1 2 2
2 David Savard Evan Bouchard 50 1 2 2
Penalty Kill - 3 Players Forward
Forward Time % Phy DF OF
1 Adrian Kempe 50 1 2 2
2 Brock Boeser 50 1 2 2
Penalty Kill - 3 Players Defense
Defense Defense Time % Phy DF OF
1 Jacob Trouba Brandon Carlo 50 1 2 2
2 David Savard Evan Bouchard 50 1 2 2
4 vs 4 Forward
Center Wing Time % Phy DF OF
1 Adrian Kempe Brock Boeser 50 1 2 2
2 Jake DeBrusk Ryan McLeod 50 1 2 2
4 vs 4 Defense
Defense Defense Time % Phy DF OF
1 Brett Pesce Brandon Carlo 50 1 2 2
2 David Savard Evan Bouchard 50 1 2 2
Last Minutes Offensive
Center Left Wing Right Wing Defense Defense
Ryan McLeod Adrian Kempe Brock Boeser Jacob Trouba Brandon Carlo
Last Minutes Defensive
Center Left Wing Right Wing Defense Defense
Ryan McLeod Adrian Kempe Brock Boeser Jacob Trouba Brandon Carlo
Goaltenders
Starting : Karel Vejmelka
Backup : Juuse Saros
Extra Forwards
Normal : Morgan Barron, David Perron, Corey Perry - PP : Morgan Barron, David Perron - PK : Corey Perry
Extra Defensemen
Normal : Brandon Carlo, Brett Pesce, David Savard - PP : Brandon Carlo - PK : Brett Pesce, David Savard
Penalty Shots
Adrian Kempe, Brock Boeser, Jake DeBrusk, David Perron, Ryan McLeod
Scratches
Luke Hughes (Healthy), Troy Stecher (Healthy), Jeff Carter (Healthy), Boone Jenner (Healthy), Jonathan Quick (Healthy)
% Time on Ice - Chicago Black Hawks
Lines # - Real PCT - Wanted PCT - Time Play
Normal Forward
1 - 29% - 30% - 14:21
2 - 29% - 30% - 14:14
3 - 25% - 25% - 12:06
4 - 17% - 15% - 8:09
Normal Defense
1 - 30% - 30% - 14:28
2 - 35% - 30% - 16:53
3 - 26% - 25% - 12:45
4 - 10% - 15% - 4:44
PP Forward
1 - 52% - 50% - 2:42
2 - 48% - 50% - 2:31
PP Defense
1 - 54% - 50% - 2:48
2 - 46% - 50% - 2:25
PK Forward
1 - 49% - 50% - 2:54
2 - 51% - 50% - 3:03
PK Defense
1 - 56% - 50% - 3:19
2 - 44% - 50% - 2:38
PK3 Forward
1 - 0% - 50%
2 - 0% - 50%
PK3 Defense
1 - 0% - 50%
2 - 0% - 50%
44 Forward
1 - 0% - 50%
2 - 0% - 50%
44 Defense
1 - 0% - 50%
2 - 0% - 50%
Last Minute Offensive - 0:00
Last Minute Defensive - 0:00
Total
Forward - 60:00
Defense - 60:00
|
% Time on Ice - Edmonton Oilers
Lines # - Real PCT - Wanted PCT - Time Play
Normal Forward
1 - 29% - 30% - 14:12
2 - 28% - 30% - 13:50
3 - 24% - 25% - 11:40
4 - 19% - 15% - 9:08
Normal Defense
1 - 29% - 30% - 14:02
2 - 30% - 30% - 14:41
3 - 29% - 25% - 14:19
4 - 12% - 15% - 5:48
PP Forward
1 - 50% - 50% - 2:59
2 - 50% - 50% - 2:58
PP Defense
1 - 51% - 50% - 3:01
2 - 49% - 50% - 2:56
PK Forward
1 - 55% - 50% - 2:51
2 - 45% - 50% - 2:22
PK Defense
1 - 52% - 50% - 2:42
2 - 48% - 50% - 2:31
PK3 Forward
1 - 0% - 50%
2 - 0% - 50%
PK3 Defense
1 - 0% - 50%
2 - 0% - 50%
44 Forward
1 - 0% - 50%
2 - 0% - 50%
44 Defense
1 - 0% - 50%
2 - 0% - 50%
Last Minute Offensive - 0:00
Last Minute Defensive - 0:00
Total
Forward - 60:00
Defense - 60:00
|
Play-by-Play
1st period
0:01 of 1st period - Leo Carlsson wins face-off versus Ryan McLeod in neutral zone.
0:04 of 1st period - Brandon Carlo is hit by Justin Faulk.
0:37 of 1st period - Snap shot by Dylan Holloway.
0:37 of 1st period - Deflect By Jake DeBrusk.
0:37 of 1st period - Shot Misses the Net.
0:37 of 1st period - Puck is out of play.
0:38 of 1st period - Morgan Barron wins face-off versus Matthew Beniers in Chicago Black Hawks zone.
1:03 of 1st period - David Savard is hit by Brett Howden and loses puck.
1:22 of 1st period - Snap shot by Adrian Kempe.
1:22 of 1st period - Stopped by Adin Hill with a rebound.
1:24 of 1st period - Wrist shot by Brock Boeser.
1:24 of 1st period - Stopped by Adin Hill with a rebound.
1:56 of 1st period - Wrist shot by Dylan Holloway.
1:56 of 1st period - Stopped by Adin Hill with a rebound.
2:05 of 1st period - Icing by Scott Mayfield.
2:06 of 1st period - Matthew Beniers wins face-off versus Dylan Holloway in Edmonton Oilers zone.
2:31 of 1st period - Dawson Mercer is hit by Zachary Werenski and loses puck.
2:40 of 1st period - Snap shot by Dylan Holloway.
2:40 of 1st period - Shot Misses the Net.
2:56 of 1st period - Snap shot by Trevor Zegras.
2:56 of 1st period - Shot Misses the Net.
2:58 of 1st period - Snap shot by Lucas Raymond.
2:58 of 1st period - Shot Misses the Net.
3:00 of 1st period - Slapshot by Barrett Hayton.
3:00 of 1st period - Stopped by Karel Vejmelka with a rebound.
3:02 of 1st period - Slapshot by Noah Dobson.
3:02 of 1st period - Stopped by Karel Vejmelka without a rebound.
3:03 of 1st period - Morgan Frost wins face-off versus Morgan Barron in Edmonton Oilers zone.
3:34 of 1st period - Wrist shot by Shane Wright.
3:34 of 1st period - Deflect By Matthew Beniers.
3:34 of 1st period - Stopped by Karel Vejmelka without a rebound.
3:35 of 1st period - Corey Perry wins face-off versus Barrett Hayton in Edmonton Oilers zone.
3:35 of 1st period - Corey Perry is hit by Jonas Brodin.
3:47 of 1st period - Wrist shot by Lucas Raymond.
3:47 of 1st period - Shot Misses the Net.
3:49 of 1st period - Snap shot by Lucas Raymond.
3:49 of 1st period - Shot Blocked by David Savard.
3:51 of 1st period - Slapshot by Noah Dobson.
3:51 of 1st period - Shot Misses the Net.
4:05 of 1st period - Snap shot by Adrian Kempe.
4:05 of 1st period - Stopped by Adin Hill without a rebound.
4:06 of 1st period - Matthew Beniers wins face-off versus Ryan McLeod in Chicago Black Hawks zone.
4:32 of 1st period - Justin Faulk is hit by Brandon Carlo.
4:38 of 1st period - Wrist shot by Oliver Bjorkstrand.
4:38 of 1st period - Shot Misses the Net.
4:40 of 1st period - Slapshot by Brent Burns.
4:40 of 1st period - Shot Misses the Net.
5:33 of 1st period - Minor Penalty to Brett Howden for Roughing.
5:34 of 1st period - Ryan McLeod wins face-off versus Oliver Bjorkstrand in Chicago Black Hawks zone.
7:33 of 1st period - Penalty to Brett Howden is over, Brett Howden is back on ice.
7:33 of 1st period - Justin Faulk is hit by David Perron and loses puck.
7:48 of 1st period - Backhand shot by Drake Caggiula.
7:48 of 1st period - Stopped by Adin Hill without a rebound.
7:49 of 1st period - Tanner Jeannot wins face-off versus Morgan Frost in Chicago Black Hawks zone.
8:18 of 1st period - Snap shot by Morgan Barron.
8:18 of 1st period - Shot Misses the Net.
8:49 of 1st period - Morgan Frost is hit by Tanner Jeannot and loses puck.
9:08 of 1st period - Jacob Trouba is hit by Oliver Bjorkstrand and loses puck.
9:41 of 1st period - Wrist shot by Lucas Raymond.
9:41 of 1st period - Shot Misses the Net.
11:10 of 1st period - Snap shot by Barrett Hayton.
11:10 of 1st period - Stopped by Karel Vejmelka with a rebound.
11:32 of 1st period - Snap shot by Brock Boeser.
11:32 of 1st period - Shot Misses the Net.
12:00 of 1st period - Wrist shot by Brock Boeser.
12:00 of 1st period - Stopped by Adin Hill without a rebound.
12:01 of 1st period - Barrett Hayton wins face-off versus Dylan Holloway in Chicago Black Hawks zone.
12:03 of 1st period - Minor Penalty to Barrett Hayton for Holding.
12:04 of 1st period - Brett Howden wins face-off versus David Perron in Chicago Black Hawks zone.
12:12 of 1st period - Slapshot by Jake DeBrusk.
12:12 of 1st period - Shot Blocked by Matthew Beniers.
12:14 of 1st period - Wrist shot by David Perron.
12:14 of 1st period - Stopped by Adin Hill without a rebound.
12:15 of 1st period - Ryan McLeod wins face-off versus Oliver Bjorkstrand in Chicago Black Hawks zone.
12:30 of 1st period - Snap shot by Brock Boeser.
12:30 of 1st period - Shot Misses the Net.
14:03 of 1st period - Penalty to Barrett Hayton is over, Barrett Hayton is back on ice.
14:47 of 1st period - Slapshot by Matthew Beniers.
14:47 of 1st period - Shot Misses the Net.
14:59 of 1st period - Wrist shot by Leo Carlsson.
14:59 of 1st period - Shot Misses the Net.
15:15 of 1st period - Shane Wright is hit by Adrian Kempe.
15:18 of 1st period - Off-side.
15:19 of 1st period - Ryan McLeod wins face-off versus Morgan Frost in neutral zone.
15:39 of 1st period - Icing by Scott Mayfield.
15:40 of 1st period - Ryan McLeod wins face-off versus Eeli Tolvanen in Edmonton Oilers zone.
15:40 of 1st period - Ryan McLeod is hit by Eeli Tolvanen.
15:46 of 1st period - Slapshot by Adrian Kempe.
15:46 of 1st period - Stopped by Adin Hill with a rebound.
16:36 of 1st period - Snap shot by Adrian Kempe.
16:36 of 1st period - Stopped by Adin Hill with a rebound.
17:14 of 1st period - Wrist shot by Oliver Bjorkstrand.
17:14 of 1st period - Shot Blocked by Jake DeBrusk.
17:19 of 1st period - Off-side.
17:20 of 1st period - Barrett Hayton wins face-off versus Morgan Barron in neutral zone.
17:28 of 1st period - Off-side.
17:29 of 1st period - Morgan Barron wins face-off versus Barrett Hayton in neutral zone.
17:48 of 1st period - Snap shot by Lucas Raymond.
17:48 of 1st period - Goal by Lucas Raymond - Chicago Black Hawks : 1 - Edmonton Oilers : 0.
17:49 of 1st period - Dawson Mercer wins face-off versus Matthew Beniers in neutral zone.
18:16 of 1st period - Jonas Brodin is hit by Brandon Carlo.
18:40 of 1st period - Snap shot by David Perron.
18:40 of 1st period - Deflect By Brent Burns.
18:40 of 1st period - Shot Misses the Net.
18:40 of 1st period - Puck is out of play.
18:41 of 1st period - Matthew Beniers wins face-off versus Morgan Barron in Chicago Black Hawks zone.
19:14 of 1st period - Wrist shot by David Perron.
19:14 of 1st period - Shot Misses the Net.
19:16 of 1st period - Wrist shot by David Perron.
19:16 of 1st period - Shot Blocked by Eeli Tolvanen.
19:18 of 1st period - Wrist shot by David Perron.
19:18 of 1st period - Shot Blocked by Brent Burns.
19:20 of 1st period - Slapshot by Brett Pesce.
19:20 of 1st period - Shot Blocked by Brent Burns.
19:22 of 1st period - Wrist shot by Morgan Barron.
19:22 of 1st period - Stopped by Adin Hill with a rebound.
19:24 of 1st period - Snap shot by Scott Mayfield.
19:24 of 1st period - Shot Misses the Net.
19:26 of 1st period - Slapshot by Scott Mayfield.
19:26 of 1st period - Shot Blocked by Leo Carlsson.
19:49 of 1st period - Morgan Barron is hit by Eeli Tolvanen and loses puck.
Goals for this period are 1 for Chicago Black Hawks vs 0 for Edmonton Oilers.
Shots for this period are 5 for Chicago Black Hawks vs 10 for Edmonton Oilers.
2nd period
0:01 of 2nd period - Barrett Hayton wins face-off versus Dylan Holloway in neutral zone.
0:26 of 2nd period - Bobby Brink is hit by Ryan McLeod and loses puck.
1:40 of 2nd period - Slapshot by Barrett Hayton.
1:40 of 2nd period - Shot Misses the Net.
1:59 of 2nd period - Off-side.
2:00 of 2nd period - Dylan Holloway wins face-off versus Matthew Beniers in neutral zone.
2:51 of 2nd period - Wrist shot by David Perron.
2:51 of 2nd period - Stopped by Adin Hill without a rebound.
2:52 of 2nd period - Leo Carlsson wins face-off versus Dylan Holloway in Chicago Black Hawks zone.
2:57 of 2nd period - Slapshot by Zachary Werenski.
2:57 of 2nd period - Stopped by Karel Vejmelka with a rebound.
2:59 of 2nd period - Slapshot by Justin Faulk.
2:59 of 2nd period - Stopped by Karel Vejmelka with a rebound.
3:01 of 2nd period - Slapshot by Zachary Werenski.
3:01 of 2nd period - Stopped by Karel Vejmelka with a rebound.
3:03 of 2nd period - Slapshot by Zachary Werenski.
3:03 of 2nd period - Stopped by Karel Vejmelka without a rebound.
3:04 of 2nd period - Barrett Hayton wins face-off versus Dylan Holloway in Edmonton Oilers zone.
3:29 of 2nd period - Jacob Trouba is hit by Shane Wright and loses puck.
3:36 of 2nd period - Adrian Kempe is hit by Bobby Brink and loses puck.
3:53 of 2nd period - Snap shot by David Perron.
3:53 of 2nd period - Stopped by Adin Hill without a rebound.
3:54 of 2nd period - Dawson Mercer wins face-off versus Leo Carlsson in Chicago Black Hawks zone.
4:02 of 2nd period - Off-side.
4:03 of 2nd period - Barrett Hayton wins face-off versus Dylan Holloway in neutral zone.
4:46 of 2nd period - Slapshot by Evan Bouchard.
4:46 of 2nd period - Stopped by Adin Hill without a rebound.
4:47 of 2nd period - Ryan McLeod wins face-off versus Matthew Beniers in Chicago Black Hawks zone.
5:01 of 2nd period - Off-side.
5:02 of 2nd period - Barrett Hayton wins face-off versus Morgan Barron in neutral zone.
5:13 of 2nd period - Slapshot by David Perron.
5:13 of 2nd period - Stopped by Adin Hill without a rebound.
5:14 of 2nd period - Adrian Kempe wins face-off versus Barrett Hayton in Chicago Black Hawks zone.
5:41 of 2nd period - Brandon Carlo is hit by Bobby Brink and loses puck.
5:51 of 2nd period - Icing by Jake DeBrusk.
5:52 of 2nd period - Leo Carlsson wins face-off versus Dylan Holloway in Edmonton Oilers zone.
5:52 of 2nd period - Leo Carlsson is hit by Brandon Carlo.
6:32 of 2nd period - Wrist shot by Brock Boeser.
6:32 of 2nd period - Stopped by Adin Hill with a rebound.
6:44 of 2nd period - Snap shot by Morgan Barron.
6:44 of 2nd period - Shot Misses the Net.
6:46 of 2nd period - Wrist shot by David Perron.
6:46 of 2nd period - Shot Misses the Net.
6:48 of 2nd period - Slapshot by Derek Ryan.
6:48 of 2nd period - Shot Misses the Net.
7:02 of 2nd period - Snap shot by Morgan Frost.
7:02 of 2nd period - Stopped by Karel Vejmelka without a rebound.
7:03 of 2nd period - Morgan Frost wins face-off versus Tanner Jeannot in Edmonton Oilers zone.
7:06 of 2nd period - Snap shot by Zachary Werenski.
7:06 of 2nd period - Deflect By Corey Perry.
7:06 of 2nd period - Stopped by Karel Vejmelka without a rebound.
7:07 of 2nd period - Ryan McLeod wins face-off versus Morgan Frost in Edmonton Oilers zone.
7:26 of 2nd period - Wrist shot by Brett Howden.
7:26 of 2nd period - Shot Misses the Net.
7:28 of 2nd period - Slapshot by Justin Faulk.
7:28 of 2nd period - Stopped by Karel Vejmelka without a rebound.
7:29 of 2nd period - Dylan Holloway wins face-off versus Leo Carlsson in Edmonton Oilers zone.
7:38 of 2nd period - Wrist shot by Dylan Holloway.
7:38 of 2nd period - Shot Misses the Net.
7:40 of 2nd period - Slapshot by Jacob Trouba.
7:40 of 2nd period - Stopped by Adin Hill with a rebound.
7:42 of 2nd period - Snap shot by Jake DeBrusk.
7:42 of 2nd period - Shot Blocked by Brent Burns.
7:44 of 2nd period - Slapshot by Dawson Mercer.
7:44 of 2nd period - Shot Blocked by Eeli Tolvanen.
7:50 of 2nd period - Minor Penalty to Eeli Tolvanen for Slashing.
7:51 of 2nd period - Ryan McLeod wins face-off versus Oliver Bjorkstrand in Chicago Black Hawks zone.
7:52 of 2nd period - Slapshot by Adrian Kempe.
7:52 of 2nd period - Stopped by Adin Hill with a rebound.
8:31 of 2nd period - Off-side.
8:32 of 2nd period - David Perron wins face-off versus Barrett Hayton in neutral zone.
8:41 of 2nd period - Slapshot by Dawson Mercer.
8:41 of 2nd period - Shot Misses the Net.
8:43 of 2nd period - Wrist shot by Evan Bouchard.
8:43 of 2nd period - Deflect By Jake DeBrusk.
8:43 of 2nd period - Shot Misses the Net.
8:43 of 2nd period - Puck is out of play.
8:44 of 2nd period - Oliver Bjorkstrand wins face-off versus Ryan McLeod in Chicago Black Hawks zone.
8:44 of 2nd period - Oliver Bjorkstrand is hit by Brock Boeser.
8:54 of 2nd period - Snap shot by Brock Boeser.
8:54 of 2nd period - Shot Misses the Net.
8:56 of 2nd period - Slapshot by Jacob Trouba.
8:56 of 2nd period - Deflect By Brock Boeser.
8:56 of 2nd period - Stopped by Adin Hill with a rebound.
8:58 of 2nd period - Slapshot by Brandon Carlo.
8:58 of 2nd period - Shot Blocked by Brent Burns.
9:00 of 2nd period - Wrist shot by Brandon Carlo.
9:00 of 2nd period - Stopped by Adin Hill with a rebound.
9:50 of 2nd period - Penalty to Eeli Tolvanen is over, Eeli Tolvanen is back on ice.
10:51 of 2nd period - Corey Perry is hit by Oliver Bjorkstrand and loses puck.
11:17 of 2nd period - Snap shot by Adrian Kempe.
11:17 of 2nd period - Stopped by Adin Hill without a rebound.
11:18 of 2nd period - Barrett Hayton wins face-off versus Ryan McLeod in Chicago Black Hawks zone.
11:18 of 2nd period - Barrett Hayton is hit by Adrian Kempe.
11:46 of 2nd period - Bobby Brink is hit by Jake DeBrusk and loses puck.
11:53 of 2nd period - Jake DeBrusk is hit by Matthew Beniers and loses puck.
12:44 of 2nd period - Wrist shot by Lucas Raymond.
12:44 of 2nd period - Stopped by Karel Vejmelka without a rebound.
12:45 of 2nd period - Barrett Hayton wins face-off versus Ryan McLeod in Edmonton Oilers zone.
13:00 of 2nd period - Slapshot by Evan Bouchard.
13:00 of 2nd period - Shot Misses the Net.
13:10 of 2nd period - Snap shot by Lucas Raymond.
13:10 of 2nd period - Stopped by Karel Vejmelka with a rebound.
13:12 of 2nd period - Wrist shot by Trevor Zegras.
13:12 of 2nd period - Stopped by Karel Vejmelka with a rebound.
13:14 of 2nd period - Slapshot by Noah Dobson.
13:14 of 2nd period - Stopped by Karel Vejmelka without a rebound.
13:15 of 2nd period - Dylan Holloway wins face-off versus Bobby Brink in Edmonton Oilers zone.
14:10 of 2nd period - Slapshot by Adrian Kempe.
14:10 of 2nd period - Stopped by Adin Hill with a rebound.
14:47 of 2nd period - Wrist shot by Jake DeBrusk.
14:47 of 2nd period - Shot Misses the Net.
14:49 of 2nd period - Wrist shot by Jake DeBrusk.
14:49 of 2nd period - Stopped by Adin Hill with a rebound.
14:51 of 2nd period - Slapshot by Brandon Carlo.
14:51 of 2nd period - Shot Misses the Net.
15:23 of 2nd period - Slapshot by Justin Faulk.
15:23 of 2nd period - Stopped by Karel Vejmelka without a rebound.
15:24 of 2nd period - Ryan McLeod wins face-off versus Matthew Beniers in Edmonton Oilers zone.
15:31 of 2nd period - Snap shot by Ryan McLeod.
15:31 of 2nd period - Deflect By Matthew Beniers.
15:31 of 2nd period - Stopped by Adin Hill with a rebound.
15:58 of 2nd period - Minor Penalty to Brett Pesce for Holding.
15:59 of 2nd period - Barrett Hayton wins face-off versus Jake DeBrusk in Edmonton Oilers zone.
16:12 of 2nd period - Off-side.
16:13 of 2nd period - Leo Carlsson wins face-off versus Adrian Kempe in neutral zone.
16:16 of 2nd period - Wrist shot by Leo Carlsson.
16:16 of 2nd period - Stopped by Karel Vejmelka with a rebound.
16:18 of 2nd period - Snap shot by Matthew Beniers.
16:18 of 2nd period - Shot Misses the Net.
16:20 of 2nd period - Slapshot by Brent Burns.
16:20 of 2nd period - Deflect By Oliver Bjorkstrand.
16:20 of 2nd period - Shot Blocked by Evan Bouchard.
16:20 of 2nd period - Puck is out of play.
16:21 of 2nd period - Leo Carlsson wins face-off versus Jake DeBrusk in Edmonton Oilers zone.
16:28 of 2nd period - Snap shot by Leo Carlsson.
16:28 of 2nd period - Goal by Leo Carlsson - Chicago Black Hawks : 2 - Edmonton Oilers : 0.
16:29 of 2nd period - Leo Carlsson wins face-off versus Dylan Holloway in neutral zone.
16:42 of 2nd period - Slapshot by Leo Carlsson.
16:42 of 2nd period - Stopped by Karel Vejmelka with a rebound.
16:44 of 2nd period - Snap shot by Leo Carlsson.
16:44 of 2nd period - Deflect By Oliver Bjorkstrand.
16:44 of 2nd period - Shot Hit the Post.
16:44 of 2nd period - Puck is out of play.
16:45 of 2nd period - Matthew Beniers wins face-off versus Ryan McLeod in Edmonton Oilers zone.
16:52 of 2nd period - Slapshot by Shane Wright.
16:52 of 2nd period - Deflect By Matthew Beniers.
16:52 of 2nd period - Shot Misses the Net.
16:52 of 2nd period - Puck is out of play.
16:53 of 2nd period - Shane Wright wins face-off versus Ryan McLeod in Edmonton Oilers zone.
16:58 of 2nd period - Wrist shot by Bobby Brink.
16:58 of 2nd period - Goal by Bobby Brink - Chicago Black Hawks : 3 - Edmonton Oilers : 0.
16:59 of 2nd period - Leo Carlsson wins face-off versus Dylan Holloway in neutral zone.
17:33 of 2nd period - Wrist shot by David Perron.
17:33 of 2nd period - Shot Misses the Net.
17:50 of 2nd period - Matthew Beniers is hit by Brandon Carlo and loses puck.
18:07 of 2nd period - Snap shot by Drake Caggiula.
18:07 of 2nd period - Stopped by Adin Hill without a rebound.
18:08 of 2nd period - Tanner Jeannot wins face-off versus Morgan Frost in Chicago Black Hawks zone.
18:33 of 2nd period - Brent Burns is hit by Adrian Kempe and loses puck.
19:04 of 2nd period - Wrist shot by Leo Carlsson.
19:04 of 2nd period - Shot Misses the Net.
Goals for this period are 2 for Chicago Black Hawks vs 0 for Edmonton Oilers.
Shots for this period are 16 for Chicago Black Hawks vs 14 for Edmonton Oilers.
3rd period
0:01 of 3rd period - Leo Carlsson wins face-off versus Dylan Holloway in neutral zone.
0:04 of 3rd period - Dawson Mercer is hit by Leo Carlsson and loses puck.
0:09 of 3rd period - Backhand shot by Leo Carlsson.
0:09 of 3rd period - Stopped by Karel Vejmelka without a rebound.
0:10 of 3rd period - Leo Carlsson wins face-off versus Dylan Holloway in Edmonton Oilers zone.
0:15 of 3rd period - Wrist shot by Oliver Bjorkstrand.
0:15 of 3rd period - Stopped by Karel Vejmelka with a rebound.
0:17 of 3rd period - Wrist shot by Eeli Tolvanen.
0:17 of 3rd period - Stopped by Karel Vejmelka with a rebound.
0:23 of 3rd period - Snap shot by Leo Carlsson.
0:23 of 3rd period - Stopped by Karel Vejmelka with a rebound.
0:29 of 3rd period - Snap shot by Oliver Bjorkstrand.
0:29 of 3rd period - Stopped by Karel Vejmelka with a rebound.
0:31 of 3rd period - Slapshot by Justin Faulk.
0:31 of 3rd period - Stopped by Karel Vejmelka without a rebound.
0:32 of 3rd period - Barrett Hayton wins face-off versus Ryan McLeod in Edmonton Oilers zone.
0:38 of 3rd period - Minor Penalty to Jacob Trouba for Roughing.
0:39 of 3rd period - Jake DeBrusk wins face-off versus Barrett Hayton in Edmonton Oilers zone.
0:47 of 3rd period - Snap shot by Zachary Werenski.
0:47 of 3rd period - Stopped by Karel Vejmelka without a rebound.
0:48 of 3rd period - Barrett Hayton wins face-off versus Adrian Kempe in Edmonton Oilers zone.
0:59 of 3rd period - Snap shot by Barrett Hayton.
0:59 of 3rd period - Stopped by Karel Vejmelka without a rebound.
1:00 of 3rd period - Jake DeBrusk wins face-off versus Leo Carlsson in Edmonton Oilers zone.
1:00 of 3rd period - Jake DeBrusk is hit by Matthew Beniers.
1:33 of 3rd period - Off-side.
1:34 of 3rd period - Trevor Zegras wins face-off versus Ryan McLeod in neutral zone.
2:38 of 3rd period - Penalty to Jacob Trouba is over, Jacob Trouba is back on ice.
3:31 of 3rd period - Brett Howden is hit by Jacob Trouba and loses puck.
3:51 of 3rd period - Barrett Hayton is hit by Morgan Barron and loses puck.
4:07 of 3rd period - Ryan McLeod is hit by Leo Carlsson and loses puck.
4:24 of 3rd period - Snap shot by Corey Perry.
4:24 of 3rd period - Shot Misses the Net.
4:31 of 3rd period - Slapshot by Drake Caggiula.
4:31 of 3rd period - Shot Misses the Net.
4:33 of 3rd period - Snap shot by Corey Perry.
4:33 of 3rd period - Edmonton Oilers goal is going for a video replay.
4:33 of 3rd period - The goal is good.
4:33 of 3rd period - Goal by Corey Perry - Chicago Black Hawks : 3 - Edmonton Oilers : 1.
4:34 of 3rd period - Barrett Hayton wins face-off versus Dylan Holloway in neutral zone.
6:08 of 3rd period - Snap shot by Trevor Zegras.
6:08 of 3rd period - Stopped by Karel Vejmelka without a rebound.
6:09 of 3rd period - Barrett Hayton wins face-off versus Dylan Holloway in Edmonton Oilers zone.
6:20 of 3rd period - Wrist shot by Lucas Raymond.
6:20 of 3rd period - Stopped by Karel Vejmelka without a rebound.
6:21 of 3rd period - Ryan McLeod wins face-off versus Leo Carlsson in Edmonton Oilers zone.
6:59 of 3rd period - Jake DeBrusk is hit by Trevor Zegras and loses puck.
7:30 of 3rd period - Jacob Trouba is hit by Eeli Tolvanen.
8:04 of 3rd period - Snap shot by Adrian Kempe.
8:04 of 3rd period - Shot Blocked by Barrett Hayton.
8:12 of 3rd period - Brock Boeser is hit by Trevor Zegras and loses puck.
8:20 of 3rd period - Icing by Evan Bouchard.
8:21 of 3rd period - Dylan Holloway wins face-off versus Leo Carlsson in Edmonton Oilers zone.
8:34 of 3rd period - Snap shot by Jake DeBrusk.
8:34 of 3rd period - Shot Blocked by Oliver Bjorkstrand.
8:43 of 3rd period - Icing by Justin Faulk.
8:44 of 3rd period - Leo Carlsson wins face-off versus Ryan McLeod in Chicago Black Hawks zone.
8:52 of 3rd period - Off-side.
8:53 of 3rd period - Ryan McLeod wins face-off versus Barrett Hayton in neutral zone.
9:14 of 3rd period - Ryan McLeod is hit by Barrett Hayton.
9:46 of 3rd period - Jake DeBrusk is hit by Ryan Suzuki and loses puck.
9:57 of 3rd period - Snap shot by Morgan Frost.
9:57 of 3rd period - Shot Blocked by Jacob Trouba.
9:59 of 3rd period - Snap shot by Brett Howden.
9:59 of 3rd period - Stopped by Karel Vejmelka without a rebound.
10:00 of 3rd period - Morgan Barron wins face-off versus Matthew Beniers in Edmonton Oilers zone.
10:49 of 3rd period - Minor Penalty to Scott Mayfield for Hooking.
10:50 of 3rd period - Leo Carlsson wins face-off versus Jake DeBrusk in Edmonton Oilers zone.
11:04 of 3rd period - Slapshot by Leo Carlsson.
11:04 of 3rd period - Goal by Leo Carlsson - Chicago Black Hawks : 4 - Edmonton Oilers : 1.
11:05 of 3rd period - Morgan Barron wins face-off versus Matthew Beniers in neutral zone.
12:18 of 3rd period - Slapshot by Matthew Beniers.
12:18 of 3rd period - Stopped by Karel Vejmelka with a rebound.
13:23 of 3rd period - Christopher Tanev is hit by Brandon Carlo and loses puck.
13:28 of 3rd period - Slapshot by Evan Bouchard.
13:28 of 3rd period - Deflect By Drake Caggiula.
13:28 of 3rd period - Shot Misses the Net.
13:28 of 3rd period - Puck is out of play.
13:29 of 3rd period - Tanner Jeannot wins face-off versus Oliver Bjorkstrand in Chicago Black Hawks zone.
13:32 of 3rd period - Slapshot by Corey Perry.
13:32 of 3rd period - Deflect By Drake Caggiula.
13:32 of 3rd period - Stopped by Adin Hill without a rebound.
13:33 of 3rd period - Ryan McLeod wins face-off versus Leo Carlsson in Chicago Black Hawks zone.
13:36 of 3rd period - Snap shot by Ryan McLeod.
13:36 of 3rd period - Deflect By Brock Boeser.
13:36 of 3rd period - Stopped by Adin Hill with a rebound.
13:38 of 3rd period - Wrist shot by Adrian Kempe.
13:38 of 3rd period - Stopped by Adin Hill without a rebound.
13:39 of 3rd period - Leo Carlsson wins face-off versus Ryan McLeod in Chicago Black Hawks zone.
13:54 of 3rd period - Wrist shot by Adrian Kempe.
13:54 of 3rd period - Stopped by Adin Hill with a rebound.
13:56 of 3rd period - Wrist shot by Adrian Kempe.
13:56 of 3rd period - Shot Misses the Net.
14:06 of 3rd period - David Perron is hit by Trevor Zegras and loses puck.
14:29 of 3rd period - Icing by Matthew Beniers.
14:30 of 3rd period - Matthew Beniers wins face-off versus Tanner Jeannot in Chicago Black Hawks zone.
14:30 of 3rd period - Matthew Beniers is hit by Corey Perry.
14:33 of 3rd period - Shane Wright is hit by David Savard and loses puck.
14:38 of 3rd period - Wrist shot by Drake Caggiula.
14:38 of 3rd period - Stopped by Adin Hill with a rebound.
14:40 of 3rd period - Snap shot by Drake Caggiula.
14:40 of 3rd period - Shot Blocked by Christopher Tanev.
14:44 of 3rd period - Slapshot by Corey Perry.
14:44 of 3rd period - Stopped by Adin Hill with a rebound.
14:46 of 3rd period - Slapshot by David Savard.
14:46 of 3rd period - Stopped by Adin Hill with a rebound.
14:56 of 3rd period - Snap shot by Oliver Bjorkstrand.
14:56 of 3rd period - Stopped by Karel Vejmelka with a rebound.
15:16 of 3rd period - Jacob Trouba is hit by Christopher Tanev and loses puck.
15:36 of 3rd period - Brent Burns is hit by Brandon Carlo.
15:39 of 3rd period - Minor Penalty to Brock Boeser for Holding.
15:40 of 3rd period - Leo Carlsson wins face-off versus Adrian Kempe in Edmonton Oilers zone.
15:54 of 3rd period - Wrist shot by Leo Carlsson.
15:54 of 3rd period - Shot Misses the Net.
15:56 of 3rd period - Snap shot by Zachary Werenski.
15:56 of 3rd period - Shot Misses the Net.
16:06 of 3rd period - Adrian Kempe is hit by Barrett Hayton and loses puck.
16:11 of 3rd period - Wrist shot by Trevor Zegras.
16:11 of 3rd period - Shot Misses the Net.
17:39 of 3rd period - Penalty to Brock Boeser is over, Brock Boeser is back on ice.
17:44 of 3rd period - Brock Boeser is hit by Bobby Brink and loses puck.
18:27 of 3rd period - Wrist shot by Drake Caggiula.
18:27 of 3rd period - Shot Blocked by Zachary Werenski.
18:30 of 3rd period - Icing by Justin Faulk.
18:31 of 3rd period - Tanner Jeannot wins face-off versus Bobby Brink in Chicago Black Hawks zone.
18:32 of 3rd period - Wrist shot by Drake Caggiula.
18:32 of 3rd period - Stopped by Adin Hill with a rebound.
19:10 of 3rd period - Snap shot by Brock Boeser.
19:10 of 3rd period - Stopped by Adin Hill without a rebound.
19:11 of 3rd period - Dylan Holloway wins face-off versus Matthew Beniers in Chicago Black Hawks zone.
19:29 of 3rd period - Minor Penalty to Jake DeBrusk for Boarding.
19:30 of 3rd period - Leo Carlsson wins face-off versus Corey Perry in Edmonton Oilers zone.
Goals for this period are 1 for Chicago Black Hawks vs 1 for Edmonton Oilers.
Shots for this period are 14 for Chicago Black Hawks vs 10 for Edmonton Oilers.
Back to the Top